 Dungeon Crawl Stone Soup version 0.30-a0-986-g7f2e898f52 (webtiles) character file.

Game seed: 6870680722779055196

887 heikuro the Shield-Bearer (level 8, 62/62 HPs)
             Began as a Formicid Fighter on Oct 22, 2022.
             Was an Elder of Cheibriados.
             Quit the game on level 5 of the Dungeon on Apr 2, 2023.
             The game lasted 00:13:04 (3648 turns).

heikuro the Shield-Bearer (Formicid Fighter)        Turns: 3648, Time: 00:13:05

Health: 62/62      AC: 11    Str: 33    XL:     8   Next: 26%
Magic:  10/10      EV:  8    Int: 16    God:    Cheibriados [****..]
Gold:   190        SH:  7    Dex: 22    Spells: 7/7 levels left

rFire   . . .      SeeInvis +    a - +3 halberd (freeze)
rCold   . . .      Faith    .    c - +0 buckler
rNeg    . . .      Spirit   .    e - +0 chain mail
rPois   .          Reflect  .    (helmet unavailable)
rElec   .          Rampage  .    j - +0 cloak
rCorr   +                        (no gloves)
Will    .....                    (no boots) Stlth
                                 (no amulet)
HPRegen 0.30/turn                t - ring of resist corrosion
MPRegen 0.12/turn                (no ring)

@: very slow
A: permanent stasis, dig shafts and tunnels, antennae 3, four strong arms
a: Dig, Shaft Self, Renounce Religion, Bend Time, Temporal Distortion, Slouch


You were on level 5 of the Dungeon.
You worshipped Cheibriados.
Cheibriados was greatly pleased with you.
You visited 1 branch of the dungeon, and saw 5 of its levels.

You collected 330 gold pieces.
You spent 140 gold pieces at shops.

Inventory:

Hand Weapons
 a - a +3 halberd of freezing (weapon)
Armour
 c - a +0 buckler (worn)
 e - a +0 chain mail (worn)
 j - a +0 cloak (worn)
Jewellery
 t - a ring of resist corrosion (left hand)
Wands
 u - a wand of flame (12)
Scrolls
 h - 2 scrolls of fear {unknown}
 n - 2 scrolls of immolation {unknown}
 o - a scroll of magic mapping {unknown}
 q - a scroll of fog
 r - 2 scrolls of vulnerability {unknown}
Potions
 d - 3 potions of might
 f - 4 potions of curing
 g - a potion of heal wounds
 k - a potion of resistance {unknown}
 l - 2 potions of mutation {unknown}
 p - a potion of attraction {unknown}
 s - a potion of lignification {unknown}
 v - a potion of brilliance {unknown}


   Skills:
 + Level 5.1 Fighting
 * Level 5.5 Polearms
 + Level 5.2 Armour
 + Level 6.3 Shields
 + Level 3.4 Invocations


You had 7 spell levels left.
You didn't know any spells.
Your spell library contained the following spells:

 Spells                   Type           Power      Damage    Failure   Level
 Slow                     Hex            0%         N/A       77%         1
 Call Canine Familiar     Summ           0%         N/A       98%         3
 Confusing Touch          Hex            0%         N/A       98%         3
 Portal Projectile        Hex/Tloc       0%         N/A       98%         3
 Vampiric Draining        Necr           0%         2d6       98%         3
 Leda's Liquefaction      Hex/Erth       0%         N/A       100%        4


Dungeon Overview and Level Annotations

Branches:
Dungeon (5/15)
 Temple: D:4-7

Altars:
Cheibriados
Dithmenos

Shops:
D:3 (


Innate Abilities, Weirdness & Mutations

You cannot be hasted, slowed, berserked, paralysed or teleported.
You can dig through walls and to a lower floor.
You have a pair of large antennae on your head. (SInv)
Your four strong arms can wield two-handed weapons with a shield.


Message History

There is a stone staircase leading down here.
You climb downwards.
You hear the hiss of flowing sand.
There is an entrance to an ossuary on this level.
Hurry and find it before the portal is buried!
The howler monkey howls!
Found 13 gold pieces.
Found an escape hatch in the floor.
There is a stone staircase leading up here.
As you read the scroll labelled QYXA KONEWK, it crumbles to dust.
It is a scroll of identify.
f - 4 potions of curing
As you read the scroll of identify, it crumbles to dust.
q - a scroll of fog
As you read the scroll of identify, it crumbles to dust.
g - a potion of heal wounds
As you read the scroll labelled WUTILA AFFELUNT, it crumbles to dust.
You hear a loud clanging noise!
It was a scroll of noise.
You hear an angry hiss. x2
You drop a scroll of noise.
The howler monkey hoots and howls with incredible vigour!
You hear a bark!
You reach to attack!
You hit the howler monkey. You freeze the howler monkey.
The howler monkey is moderately wounded.
You slash the howler monkey! You freeze the howler monkey.
You kill the howler monkey!
Cheibriados thoroughly appreciates the change of pace.
Saving game... please wait.
You hear the hiss of flowing sand.
There is an entrance to an ossuary on this level.
Hurry and find it before the portal is buried!
Welcome back, heikuro the Formicid Fighter.
Cheibriados says: Take it easy.
Press ? for a list of commands and other information.
You hear the hiss of flowing sand.
There is an entrance to an ossuary on this level.
Hurry and find it before the portal is buried!
Welcome back, heikuro the Formicid Fighter.
Cheibriados says: Take it easy.
Press ? for a list of commands and other information.
Unknown command.
Unknown command.
Are you sure you want to abandon this character and quit the game? (Confirm with "yes".)

#. ##.######
....>...#
#.#....##
.....$..##
#......####.#
#...<.......
#..@..####.#
#....##
#+#### { {


There were no monsters in sight!

Vanquished Creatures
  A water moccasin (D:4)
  A black bear (D:4)
  2 ogres (D:4)
  Blork the orc (D:4)
  A bullfrog (D:4)
  A howler monkey (D:5)
  2 orc priests (D:3)
  Jessica (D:2)
  An iguana (D:4)
  2 orc wizards (D:3)
  Natasha (thrice) (D:3)
  4 adders
  A white imp (D:4)
  An ufetubus (D:4)
  2 worms
  13 orcs
  6 ball pythons
  9 endoplasms
  5 giant cockroaches
  7 goblins
  7 hobgoblins
  2 kobolds
  3 quokkas
  3 bats
  2 frilled lizards (D:1)
  A rat (D:2)
82 creatures vanquished.

Vanquished Creatures (others)
  2 fungi (D:1)
  A plant (D:3)
3 creatures vanquished.

Grand Total: 85 creatures vanquished

Notes
Turn   | Place    | Note
-------+----------+-------------------------------------------
     0 | D:1      | heikuro the Formicid Fighter began the quest for the Orb.
     0 | D:1      | Reached XP level 1. HP: 18/18 MP: 1/1
   194 | D:1      | Reached XP level 2. HP: 24/24 MP: 2/2
   416 | D:1      | Found a faded altar of an unknown god.
   437 | D:1      | Prayed at the altar of an unknown god.
   437 | D:1      | Became a worshipper of Cheibriados the Contemplative
   437 | D:1      | Reached * piety under Cheibriados
   830 | D:2      | Reached XP level 3. HP: 29/29 MP: 3/3
   956 | D:2      | Reached ** piety under Cheibriados
  1010 | D:2      | Noticed Jessica
  1019 | D:2      | Killed Jessica
  1020 | D:2      | Reached XP level 4. HP: 14/37 MP: 4/4
  1180 | D:2      | Upgraded the game from 0.30-a0-305-g026cb31310 to
                  | 0.30-a0-618-gd6c86c23d0
  1510 | D:3      | Reached XP level 5. HP: 30/42 MP: 5/5
  1656 | D:3      | Noticed Natasha
  1661 | D:3      | Killed Natasha
  1687 | D:3      | Found Iduin's Antique Weapon Shoppe.
  1714 | D:3      | Reached skill level 5 in Shields
  1714 | D:3      | Reached skill level 1 in Invocations
  1725 | D:3      | Reached XP level 6. HP: 28/48 MP: 6/6
  1936 | D:3      | Reached *** piety under Cheibriados
  2089 | D:3      | Noticed Natasha
  2102 | D:3      | Killed Natasha
  2143 | D:3      | Noticed Natasha
  2222 | D:3      | Killed Natasha
  2362 | D:3      | Found a shadowy altar of Dithmenos.
  2615 | D:3      | Bought a glowing halberd for 140 gold pieces
  2640 | D:4      | Noticed Blork the orc
  2646 | D:4      | Killed Blork the orc
  2647 | D:4      | Reached XP level 7. HP: 48/55 MP: 8/8
  2743 | D:4      | Reached skill level 5 in Polearms
  3101 | D:4      | Reached skill level 6 in Shields
  3110 | D:4      | Noticed a water moccasin
  3145 | D:4      | Killed a water moccasin
  3146 | D:4      | Reached skill level 5 in Fighting
  3146 | D:4      | Reached skill level 5 in Armour
  3146 | D:4      | Reached XP level 8. HP: 47/62 MP: 10/10
  3595 | D:4      | Reached **** piety under Cheibriados
  3639 | D:5      | Entered Level 5 of the Dungeon
  3648 | D:5      | Upgraded the game from 0.30-a0-618-gd6c86c23d0 to
                  | 0.30-a0-722-g3e6e8c874d
  3648 | D:5      | Upgraded the game from 0.30-a0-722-g3e6e8c874d to
                  | 0.30-a0-986-g7f2e898f52
  3648 | D:5      | Quit the game

Illustrated notes

Levels and vault maps discovered:
D:1:      mrwooster_arrival_statue, layout_basic, serial_corexii_hall,
          corexii_hall_statues_l, corexii_hall_statues_u,
          dreamdust_ecumenical_altar_hidden_monk_grotto, serial_bayou_lagoon_a,
          interstate_on_off
D:2:      layout_basic, guppyfry_early_orc_mine, uniq_jessica
D:3:      layout_basic, mainiacjoe_overflow_tiny_flanked, serial_shops,
          nicolae_square_shop, serial_bayou_pond_e, uniq_natasha
D:4:      layout_gridville, lightli_corner_chamber, uniq_blork_the_orc
D:5:      layout_loops_corners, nicolae_ashenzari_skybound, temple_green,
          enter_ossuary_5, uniq_ijyb

Skill      XL: |  1  2  3  4  5  6  7 |
---------------+----------------------+-----
Polearms       | 3 4 5 |  5.5
Fighting       | 4 5 |  5.1
Armour         | 4 5 |  5.2
Shields        | 5 6 |  6.3
Invocations    | 1 2 3 |  3.4

Action                     |  1- 3 |  4- 6 |  7- 9 || total
---------------------------+-------+-------+-------++-------
  Melee: Trident           |    86 |   101 |       ||   187
         Halberd           |       |     5 |    42 ||    47
Ability: Dig               |       |       |     1 ||     1
    Use: Scroll            |       |       |     5 ||     5
 Armour: Chain mail        |    34 |    80 |     7 ||   121
         Scale mail        |     1 |       |       ||     1
  Dodge: Dodged            |    20 |    60 |     5 ||    85
  Block: Buckler           |    14 |    38 |    12 ||    64

Table legend: (Time is in decaauts)
 A = Elapsed time spent in this place.
 B = Non-inter-level travel time spent in this place.
 C = Inter-level travel time spent in this place.
 D = Time resting spent in this place.
 E = Time spent auto-exploring this place.
 F = Levels seen in this place.
 G = Mean time per level.
                   A        B        C        D        E       F      G
               +--------+--------+--------+--------+--------+-----+--------+
         Total |   4888 |   4637 |    251 |    580 |   2978 |   5 |  977.6 |
       Dungeon |   4888 |   4637 |    251 |    580 |   2978 |   5 |  977.6 |
               +--------+--------+--------+--------+--------+-----+--------+

Top non-repeatable levels by time:
     D:3: 1587 daAuts
     D:4: 1387 daAuts
     D:1: 1007 daAuts
     D:2: 895 daAuts
     D:5: 9 daAuts
